 Dungeon Crawl Stone Soup version 0.30-a0-457-g4b7bca3bfa (webtiles) character file.

Game seed: 10617196240490465351

111715 cforsyth the Warrior (level 16, -6/170 HPs)
             Began as a Minotaur Berserker on Dec 13, 2022.
             Was a High Priest of Trog.
             Mangled by Asterion
             ... wielding a +0 demon trident of venom
              (18 damage)
             ... on level 2 of the Spider Nest.
             The game lasted 01:05:27 (36292 turns).

cforsyth the Warrior (Minotaur Berserker)          Turns: 36292, Time: 01:05:27

Health: -6/170     AC: 17    Str: 34    XL:     16   Next: 10%
Magic:  9/15       EV: 10    Int:  7    God:    Trog [*****.]
Gold:   1965       SH: 17    Dex:  9    Spells: 15/15 levels left

rFire   + . .      SeeInvis .    R - +3 broad axe (vorpal)
rCold   + . .      Faith    .    I - +2 tower shield {rC+}
rNeg    . . .      Spirit   .    O - +3 plate armour of Cynicism {Drain +Blink rF+ Str+3}
rPois   +          Reflect  .    U - +1 hat {Int+3}
rElec   +          Harm     .    w - +0 cloak
rCorr   .          Rampage  .    t - +0 pair of gloves
Will    ++++.                    (no boots)
Stlth   ..........               (no amulet)
HPRegen 1.48/turn                V - ring of Ru's Supremacy {rElec rPois Stlth+}
MPRegen 0.14/turn                u - ring of willpower

@: strong-willed, corroded, on berserk cooldown, regenerating, slowed, very slow
A: horns 2, retaliatory headbutt, robust 1
a: Renounce Religion, Evoke Blink, Berserk, Trog's Hand, Brothers in Arms


You were on level 2 of the Spider Nest.
You worshipped Trog.
Trog was extremely pleased with you.
You visited 4 branches of the dungeon, and saw 24 of its levels.
You also visited: Sewer.

You collected 2062 gold pieces.
You spent 97 gold pieces at shops.

Inventory:

Hand Weapons
 a - the +12 executioner's axe of Birhankanets {antimagic, rPois rF+ rN+}
   (Trog gifted it to you on level 1 of the Orcish Mines)

   It reduces the magical energy of the wielder, and disrupts the spells and
   magical abilities of those it strikes.
   Natural abilities and divine invocations are not affected.
   rF:        It protects you from fire.
   rPois:     It protects you from poison.
   rN:        It protects you from negative energy.
 R - a +3 vorpal broad axe (weapon)
Armour
 t - a +0 pair of gloves (worn)
 w - a +0 cloak (worn)
 I - a +2 tower shield of cold resistance (worn)
 J - a +1 chain mail of cold resistance
 L - the +5 scale mail of the Lair of Beasts {Will+ Str+2 Dex-2}
   (You found it on level 4 of the Lair of Beasts)

   Str:       It affects your strength (+2).
   Dex:       It affects your dexterity (-2).
   Will:      It increases your willpower.
 O - the +3 plate armour of Cynicism (worn) {Drain +Blink rF+ Str+3}
   (You found it on level 5 of the Lair of Beasts)

   Str:       It affects your strength (+3).
   rF:        It protects you from fire.
   +Blink:    It lets you blink.
   Drain:     It drains your maximum health when unequipped.
 U - a +1 hat of intelligence (worn)
Jewellery
 g - a ring of willpower
 p - a +4 ring of protection
 u - a ring of willpower (right hand)
 x - a ring of protection from cold
 z - a ring of flight
 F - a ring of resist corrosion
 N - a ring of ice
 P - the ring "Foxtupna" {Fly rCorr Str+4}
   (You found it on level 1 of the Lair of Beasts)

   [ring of flight]

   Str:       It affects your strength (+4).
   Fly:       It grants you flight.
   rCorr:     It protects you from acid and corrosion.
 S - a +4 ring of evasion
 V - the ring of Ru's Supremacy (left hand) {rElec rPois Stlth+}
   (You found it on level 13 of the Dungeon)

   [ring of poison resistance]

   rElec:     It insulates you from electricity.
   rPois:     It protects you from poison.
   Stlth:     It makes you more stealthy.
 X - a +4 ring of protection
 Y - the ring "Nosi" {Wiz rPois rC- Will+}
   (You found it on level 14 of the Dungeon)

   [ring of wizardry]

   It improves your spell success rate.
   rC:        It makes you vulnerable to cold.
   rPois:     It protects you from poison.
   Will:      It increases your willpower.
 Z - a +6 ring of strength
Wands
 i - a wand of light (21)
 s - a wand of polymorph (13)
 y - a wand of flame (20)
 C - a wand of roots (11)
 E - a wand of charming (36)
 Q - a wand of mindburst (15)
 T - a wand of digging (7)
Scrolls
 b - 2 scrolls of amnesia
 e - 5 scrolls of identify
 f - 11 scrolls of teleportation
 h - 5 scrolls of magic mapping
 l - 4 scrolls of immolation
 o - 6 scrolls of blinking
 v - 5 scrolls of fog
 D - a scroll of brand weapon
 G - 6 scrolls of enchant armour
 H - a scroll of fear
 K - 2 scrolls of vulnerability
 W - a scroll of summoning
Potions
 c - 3 potions of might
 d - 4 potions of invisibility
 j - 13 potions of curing
 k - 10 potions of haste
 m - 5 potions of mutation
 n - 2 potions of attraction
 q - 2 potions of cancellation
 r - 2 potions of ambrosia
 A - a potion of heal wounds
 B - 4 potions of flight
 M - 2 potions of magic


   Skills:
 + Level 17.2 Fighting
 + Level 17.1 Axes
 + Level 16.9 Armour
 + Level 15.6 Dodging
 + Level 10.3 Shields


You had 15 spell levels left.
You didn't know any spells.
Your spell library was empty.

Dungeon Overview and Level Annotations

Branches:
Dungeon (15/15)            Temple (0/1) D:5            Lair (5/5) D:10
  Swamp (0/4) Lair:2       Spider (2/4) Lair:2        Slime (0/5) Lair:5
    Orc (2/2) D:9             Elf (0/3) Orc:2        Vaults (0/5) D:14
 Depths (0/4) D:15          Sewer (visited)

Altars:
Ashenzari
Kikubaaqudgha
Ru
Sif Muna
Xom
Zin

Shops:
D:11 *   D:15 (   Orc:2 ([=*

Portals:
Trove: D:15 (give 15 potions of curing)

Annotations:
Lair:2 3 runed translucent doors, Gesod's ghost, journeyman MiHu
Spider:2 Asterion


Innate Abilities, Weirdness & Mutations

You have a pair of horns on your head.
You reflexively headbutt those who attack you in melee.
You are robust. (+10% HP)


Message History

The entropy weaver hits you but does no damage.
You block the entropy weaver's attack. You block Asterion's attack.
Asterion gores you!!
You barely miss Asterion.
You headbutt Asterion, but do no damage.
Asterion is severely wounded.
You hit the entropy weaver but do no damage.
Your ogre completely misses Asterion.
You block Asterion's attack. x2
The entropy weaver closely misses you.
The entropy weaver hits you but does no damage. x2
The entropy weaver barely misses you.
You hit Asterion. Asterion blocks your attack.
Asterion is severely wounded.
You slice the entropy weaver!!
You kill the entropy weaver!
Trog accepts your kill.
Trog appreciates your killing of a magic user.
You are no longer berserk.
You are exhausted.
You feel yourself slow down.
Your ogre hits Asterion with a +0 giant club!!
Asterion hits your ogre with a +0 demon trident of venom!!
Your ogre looks as sick as possible!
Asterion gores your ogre!
Your ogre dies!
Your ogre's corpse disappears in a puff of smoke!
Asterion bellows!
You hit Asterion.
Asterion is almost dead.
You slash the balrug!
Asterion hits you with a +0 demon trident of venom!!
You block Asterion's attack.
The balrug hits you with a +2 antimagic demon whip!
You are engulfed in flames!
You resist.
* * * LOW HITPOINT WARNING * * *
You feel your power leaking away.
Asterion hits you with a +0 demon trident of venom!!!
* * * LOW HITPOINT WARNING * * *
Asterion gores you!!
You die...

....##.B #....#...#
#### #....#....#
###...#
##....##....##....^##
#.....##.....#......#
##....#
...H..(......#
......# ..##......###
..†...## ####H2..#
<.#....## #...@...#
####....#####.§.§#.##
# #..........#..###
#^........#####
##........#
#....#..## #^..#####
#####


You could see Asterion (fast, strong) and a balrug (summoned).

Vanquished Creatures
  Rupert (Orc:2)
  Mlioglotl (Spider:2)
  Frances (D:14)
  An emperor scorpion (Spider:1)
  An orc warlord (Orc:2)
  A spark wasp (Spider:1)
  Fannar (Lair:3)
  8 vault guards (D:14)
  2 entropy weavers
  Erolcha (D:11)
  2 hydras
  5 centaur warriors
  2 radroaches
  The ghost of osoart the Covert, a journeyman SpHu of Yredelemnul (D:14)
  6 two-headed ogres
  6 boulder beetles
  A tengu warrior (D:13)
  Urug (D:11)
  A vampire mage (D:15)
  7 death yaks
  2 orc high priests (Orc:2)
  Sonja (Lair:5)
  7 skeletal warriors
  2 steelbarb worms
  2 wizards
  A bog body (Lair:2)
  3 orb spiders (Spider:1)
  A lindwurm (D:13)
  3 orc knights (Orc:2)
  6 deep elf pyromancers
  A necromancer (D:15)
  4 deep elf zephyrmancers
  2 wolf spiders (Spider:1)
  A mana viper (shapeshifter) (D:14)
  5 orc sorcerers (Orc:2)
  2 cyclopes (D:13)
  10 slime creatures
  2 manticores
  2 fire giant zombies (D:15)
  15 ugly things
  A fire giant skeleton (D:15)
  7 black mambas
  6 elephants
  8 cane toads
  3 demonic crawlers (Spider:1)
  4 rime drakes
  An unseen horror (D:12)
  3 gargoyles
  A freezing wraith (D:14)
  2 kobold demonologists
  An efreet (D:12)
  6 komodo dragons
  5 polar bears
  5 trolls
  6 tarantellas
  A polar bear (shapeshifter) (D:15)
  4 hornets (Lair:5)
  18 blink frogs
  3 dream sheep (Lair:2)
  10 jumping spiders
  Sigmund (D:3)
  4 shadows
  7 culicivoras (Spider:1)
  11 spriggans (Lair:5)
  2 wyverns
  A water elemental (D:15)
  22 yaks
  A wraith (D:14)
  3 basilisks
  A basilisk (shapeshifter) (D:14)
  18 redbacks
  A human zombie (D:15)
  3 acid dragons
  The ghost of AigisTheKnight the Digger, an amateur GrEE (D:4)
  3 wargs
  14 water moccasins
  25 orc warriors
  9 black bears
  The ghost of horus123 the Trooper, an amateur HuFi of Kikubaaqudgha (D:4)
  2 ice beasts (D:7)
  8 ogres
  4 boggarts (Lair:5)
  45 wolves
  18 centaurs
  3 kobold brigands
  A phantom (D:5)
  11 bullfrogs
  2 necrophages (D:5)
  A gnoll sergeant (D:7)
  3 scorpions
  5 wights (D:7)
  10 killer bees
  2 electric eels
  5 howler monkeys
  3 hounds
  A quasit (D:5)
  A jelly (D:4)
  19 orc priests
  A gnoll bouda (Lair:2)
  An iguana (D:6)
  Ijyb (D:3)
  31 orc wizards
  3 hell rats (D:10)
  4 gnolls (D:7)
  13 adders
  3 river rats (D:10)
  3 shadow imps
  13 white imps
  An ufetubus (D:5)
  3 worms
  2 dart slugs
  83 orcs
  7 ball pythons
  5 endoplasms
  8 giant cockroaches
  4 goblins
  7 hobgoblins
  12 quokkas
  9 bats
  9 frilled lizards
  23 kobolds
  7 rats
742 creatures vanquished.

Vanquished Creatures (collateral kills)
  3 boulder beetles (D:13)
  A lindwurm (D:13)
  4 lava snakes (D:13)
8 creatures vanquished.

Vanquished Creatures (others)
  An orc wizard (Orc:2)
  A bush (Lair:4)
  35 fungi
  33 plants
  5 withered plants (D:15)
75 creatures vanquished.

Grand Total: 825 creatures vanquished

Notes
Turn   | Place    | Note
-------+----------+-------------------------------------------
     0 | D:1      | cforsyth the Minotaur Berserker began the quest for the
                  | Orb.
     0 | D:1      | Reached XP level 1. HP: 19/19 MP: 0/0
   225 | D:1      | Reached XP level 2. HP: 27/27 MP: 1/1
   968 | D:2      | Reached XP level 3. HP: 26/33 MP: 2/2
  1187 | D:2      | Reached ** piety under Trog
  1248 | D:2      | Reached XP level 4. HP: 18/41 MP: 3/3
  2529 | D:3      | Reached XP level 5. HP: 31/47 MP: 4/4
  2683 | D:3      | Found a sacrificial altar of Ru.
  2715 | D:3      | Noticed Ijyb
  2721 | D:3      | Killed Ijyb
  3041 | D:3      | Noticed Sigmund
  3053 | D:3      | Killed Sigmund
  3054 | D:3      | Reached skill level 5 in Fighting
  3054 | D:3      | Reached skill level 5 in Axes
  3054 | D:3      | Reached XP level 6. HP: 56/56 MP: 5/5
  3247 | D:4      | Reached XP level 7. HP: 60/62 MP: 6/6
  3356 | D:4      | Identified the +6 morningstar "Kirreun" {freeze, Dex+4
                  | Stlth+}
  3359 | D:4      | Found a runed translucent gate.
  3359 | D:4      | Found a runed translucent gate.
  3359 | D:4      | Found a runed translucent gate.
  3361 | D:4      | Noticed AigisTheKnight's ghost (amateur GrEE)
  3361 | D:4      | Noticed horus123's ghost (amateur HuFi)
  3396 | D:4      | Reached skill level 5 in Armour
  3549 | D:4      | Found a glowing drain.
  3558 | Sewer    | Entered a sewer
  3614 | Sewer    | Reached *** piety under Trog
  3750 | Sewer    | Reached skill level 5 in Dodging
  4285 | D:4      | Killed AigisTheKnight's ghost
  4293 | D:4      | Killed horus123's ghost
  4389 | D:5      | Entered Level 5 of the Dungeon
  4499 | D:5      | Reached XP level 8. HP: 64/71 MP: 7/7
  4777 | D:5      | Found a staircase to the Ecumenical Temple.
  5434 | D:6      | Reached XP level 9. HP: 50/81 MP: 8/8
  5755 | D:6      | Reached **** piety under Trog
  6950 | D:8      | Found a glowing silver altar of Zin.
  7077 | D:8      | Reached XP level 10. HP: 71/91 MP: 9/9
  7357 | D:8      | Reached ***** piety under Trog
  7669 | D:8      | Found a shimmering altar of Xom.
  8123 | D:9      | Found a staircase to the Orcish Mines.
  8513 | D:9      | Noticed a two-headed ogre
  8521 | D:9      | Killed a two-headed ogre
  8522 | D:9      | Reached skill level 10 in Fighting
  8522 | D:9      | Reached skill level 10 in Axes
  9330 | D:10     | Entered Level 10 of the Dungeon
  9352 | D:10     | Noticed a boulder beetle
  9396 | D:10     | Noticed a gargoyle
  9402 | D:10     | Killed a gargoyle
  9412 | D:10     | Noticed a two-headed ogre
  9416 | D:10     | Killed a two-headed ogre
  9417 | D:10     | Reached skill level 10 in Armour
  9614 | D:10     | Killed a boulder beetle
  9722 | D:10     | Noticed a two-headed ogre
  9727 | D:10     | Killed a two-headed ogre
  9728 | D:10     | Reached XP level 11. HP: 101/101 MP: 10/10
 10519 | D:10     | Noticed a death yak
 10521 | D:10     | Found a staircase to the Lair.
 10521 | D:10     | Noticed a death yak
 10538 | D:10     | Killed a death yak
 10539 | D:10     | Reached skill level 10 in Dodging
 10540 | D:10     | Killed a death yak
 10760 | D:10     | Noticed a death yak
 10774 | D:10     | Killed a death yak
 10823 | D:10     | Identified the +7 trident of Propriety {vorpal, rPois}
 10888 | D:10     | Found a broken altar of Ashenzari.
 10888 | D:10     | Found an ancient bone altar of Kikubaaqudgha.
 11194 | D:11     | Noticed Urug
 11207 | D:11     | Killed Urug
 11637 | D:11     | Noticed Erolcha
 11649 | D:11     | Killed Erolcha
 11790 | D:11     | Noticed a centaur warrior
 11797 | D:11     | Killed a centaur warrior
 11865 | D:11     | Found Zin's Purification Station.
 11866 | D:11     | Found a glowing silver altar of Zin.
 12900 | D:12     | Reached XP level 12. HP: 109/113 MP: 11/11
 13489 | D:12     | Noticed a boulder beetle
 13498 | D:12     | Killed a boulder beetle
 13812 | Lair:1   | Entered Level 1 of the Lair of Beasts
 14605 | Lair:1   | Identified the ring "Foxtupna" {Fly rCorr Str+4}
 14787 | Lair:2   | Found a staircase to the Swamp.
 15280 | Lair:2   | Identified the +2 rapier of Discomfort {spect, Fly Int+6
                  | Dex-3}
 15518 | Lair:2   | Received a gift from Trog
 15739 | Lair:2   | Found a runed translucent gate.
 15739 | Lair:2   | Found a runed translucent gate.
 15739 | Lair:2   | Found a runed translucent gate.
 15740 | Lair:2   | Noticed an 11-headed hydra
 15741 | Lair:2   | Noticed Gesod's ghost (journeyman MiHu)
 15741 | Lair:2   | Noticed a nine-headed hydra
 15778 | Lair:2   | Found a hole to the Spider Nest.
 16511 | Lair:3   | Noticed a boulder beetle
 16738 | Lair:3   | Killed a boulder beetle
 16774 | Lair:3   | Noticed an eight-headed hydra
 16782 | Lair:3   | Killed an eight-headed hydra
 16837 | Lair:3   | Reached XP level 13. HP: 51/123 MP: 12/12
 16913 | Lair:3   | Noticed Fannar
 17822 | Lair:3   | Killed Fannar
 18752 | Lair:4   | Identified the +5 scale mail of the Lair of Beasts {Will+
                  | Str+2 Dex-2}
 18981 | Lair:4   | Reached skill level 1 in Shields
 19260 | Lair:4   | You are sucked into a shaft and drop 1 floor!
 19260 | Lair:5   | Entered Level 5 of the Lair of Beasts
 20274 | Lair:5   | Found a staircase to the Slime Pits.
 21131 | Lair:5   | Noticed Sonja
 21140 | Lair:5   | Killed Sonja
 21403 | Lair:5   | Identified the +3 plate armour of Cynicism {Drain +Blink
                  | rF+ Str+3}
 21456 | Lair:5   | HP: 5/125 [boulder beetle (17)]
 21949 | Lair:5   | Received a gift from Trog
 22353 | Lair:5   | Paralysed by a hornet for 1 turns
 22361 | Lair:5   | Reached XP level 14. HP: 127/133 MP: 13/13
 22409 | Lair:5   | Reached skill level 15 in Fighting
 22735 | Lair:5   | Reached skill level 15 in Axes
 22937 | Lair:5   | Reached skill level 5 in Shields
 23102 | Lair:5   | Identified the +4 spear of Courage {flame, Fragile rCorr
                  | Int+4 Dex+6}
 23414 | Orc:1    | Entered Level 1 of the Orcish Mines
 23582 | Orc:2    | Entered Level 2 of the Orcish Mines
 24256 | Orc:2    | Gained mutation: You sometimes lose your temper in combat.
                  | [a neqoxec]
 24583 | Orc:1    | Identified the +12 executioner's axe of Birhankanets
                  | {antimagic, rPois rF+ rN+} (Trog gifted it to you on level
                  | 1 of the Orcish Mines)
 24583 | Orc:1    | Received a gift from Trog
 25398 | Orc:1    | Reached skill level 15 in Armour
 25920 | Orc:2    | Found a staircase to the Elven Halls.
 26428 | Orc:2    | Noticed an orc warlord
 26464 | Orc:2    | Killed an orc warlord
 27120 | Orc:2    | Noticed Rupert
 27152 | Orc:2    | Killed Rupert
 27574 | Orc:2    | Found Puqafeg's Antique Weapon Shoppe.
 27614 | Orc:2    | Found Otaluth's Jewellery Shoppe.
 27663 | Orc:2    | Found Enoiblou's Antique Armour Shoppe.
 27698 | Orc:2    | Found Zeged's General Store.
 27785 | D:9      | Lost mutation: You sometimes lose your temper in combat.
                  | [potion of mutation]
 27785 | D:9      | Gained mutation: You occasionally shout uncontrollably at
                  | your foes. [potion of mutation]
 27785 | D:9      | Gained mutation: You are frail. (-10% HP) [potion of
                  | mutation]
 27786 | D:9      | Lost mutation: You occasionally shout uncontrollably at
                  | your foes. [potion of mutation]
 27786 | D:9      | Lost mutation: You are frail. (-10% HP) [potion of
                  | mutation]
 27786 | D:9      | Gained mutation: Your body sometimes deteriorates upon
                  | taking damage. [potion of mutation]
 27786 | D:9      | Lost mutation: Your body sometimes deteriorates upon taking
                  | damage. [potion of mutation]
 27786 | D:9      | Gained mutation: You are robust. (+10% HP) [potion of
                  | mutation]
 28240 | Orc:2    | Bought a scroll of enchant weapon for 97 gold pieces
 29361 | D:13     | Found a runed translucent door.
 29382 | D:13     | Identified the +2 whip of Hoteiv {holy, rC+ rN+}
 29454 | D:13     | Found a runed translucent gate.
 29454 | D:13     | Found a runed translucent gate.
 29454 | D:13     | Found a runed translucent gate.
 29454 | D:13     | Found a runed translucent gate.
 29455 | D:13     | Found a runed translucent gate.
 29458 | D:13     | Found a runed translucent gate.
 29494 | D:13     | Identified the ring of Ru's Supremacy {rElec rPois Stlth+}
 29571 | D:14     | Reached XP level 15. HP: 158/158 MP: 14/14
 29853 | D:14     | Noticed Frances
 29865 | D:14     | Killed Frances
 30415 | D:14     | Found a large runed translucent door.
 30415 | D:14     | Found a large runed translucent door.
 30417 | D:14     | Noticed osoart's ghost (journeyman SpHu)
 31115 | D:14     | Found a gate to the Vaults.
 31362 | D:14     | Found a shimmering blue altar of Sif Muna.
 31582 | D:14     | Killed osoart's ghost
 31584 | D:14     | Identified the +9 quarterstaff of Astek {pain, rPois rCorr}
 31587 | D:14     | Identified the ring "Nosi" {Wiz rPois rC- Will+}
 31661 | D:15     | Entered Level 15 of the Dungeon
 31669 | D:14     | Reached skill level 15 in Dodging
 31879 | D:14     | Received a gift from Trog
 32105 | D:15     | Found a staircase to the Depths.
 32670 | D:15     | Found Zyxyihi's Antique Weapon Emporium.
 32817 | D:15     | Found a portal to a secret trove of treasure.
 33169 | Spider:1 | Entered Level 1 of the Spider Nest
 34046 | Spider:1 | Noticed an emperor scorpion
 34152 | Spider:1 | Reached skill level 10 in Shields
 34176 | Spider:1 | Killed an emperor scorpion
 35006 | Spider:1 | Reached XP level 16. HP: 167/170 MP: 15/15
 35245 | Spider:2 | Noticed Mlioglotl
 35895 | Spider:2 | Killed Mlioglotl
 36266 | Spider:2 | Noticed Asterion
 36292 | Spider:2 | Mangled by Asterion

Illustrated notes

Levels and vault maps discovered:
D:1:      tarquinn_simple_flora_water_b, layout_basic, minmay_misc_feat_columns
D:2:      layout_basic, minmay_tripent
D:3:      layout_basic, hangedman_ru_absence, mrwooster_statue_mirror,
          minmay_misc_feat_nine_boxes, uniq_ijyb, uniq_sigmund
D:4:      layout_loops_ring, gammafunk_ghost_cemetery,
          cheibrodos_sewer_entry_bend, minivault_14
D:5:      layout_loops_ring, minmay_temple_entry_waves, serial_demonic,
          serial_demonic_g, serial_demonic_b, serial_demonic_f, serial_demonic_e
D:6:      black_bear_nest_2, layout_rooms, eino_small_chamber_without_monster
D:7:      layout_basic, nrook_mini_backslash, grunt_decor_resistance
D:8:      layout_basic, mainiacjoe_overflow_cross_hatched, kennysheep_little_box
D:9:      layout_irregular_city, orc_0_dummy
D:10:     layout_small_grid, nicolae_overflow_two_pavilions, dpeg_lair_monsters
D:11:     layout_gridville, zin_purify, uniq_urug, uniq_erolcha
D:12:     layout_roguey
D:13:     gammafunk_indiana_jones, layout_grid_maze, minmay_misc_feat_hallway
D:14:     layout_roguey, erik_vaults_2, ebering_ghost_disaster_area,
          lemuel_blue_sif_altar, uniq_frances
D:15:     gammafunk_depths_entry_grave, layout_gridville,
          chequers_serial_rivers_small_b, enter_trove_0, serial_shops, shop,
          fountainhead, minmay_misc_feat_chi, minivault_27
Lair:1:   layout_regular_city, st_stairs_3, grunt_megastairs_3
Lair:2:   layout_gridlike, skrybe_swamp_entry_bodies,
          spider_nest_entry_funnel_web, gammafunk_ghost_hydra_chop,
          dreamdust_gnoll_shepherd
Lair:3:   layout_cave_shapes, st_stairs_11, chequers_serial_rivers_small_3,
          uniq_fannar
Lair:4:   layout_misc_corridors, serial_bayou_pond_c
Lair:5:   minmay_lair_end_enchanted_forest, layout_layer_cave, slime_entry_1,
          portal_ice_cave_entry_imps, uniq_sonja
Spider:1: layout_spider_delve
Spider:2: layout_spider_delve, hangedman_spider_tarantella_strand,
          uniq_mlioglotl, uniq_nikola, uniq_asterion
Orc:1:    layout_caves
Orc:2:    grunt_orc_cross, layout_diamond_mine, elves_outpost_lemuel,
          uniq_rupert

Skill      XL: |  1  2  3  4  5  6  7  8  9 10 11 12 13 14 15 |
---------------+----------------------------------------------+-----
Fighting       | 4 5 6 7 9 10 12 13 14 16 17 | 17.2
Axes           | 4 5 6 7 9 10 12 13 14 16 17 | 17.1
Armour         | 3 4 6 7 8 10 11 13 14 15 16 | 16.9
Dodging        | 3 4 5 6 8 9 11 12 13 14 15 | 15.6
Shields        | 4 7 10 | 10.3

Action                   |  1- 3 |  4- 6 |  7- 9 | 10-12 | 13-15 | 16-18 || total
-------------------------+-------+-------+-------+-------+-------+-------++-------
Melee: Hand axe          |    69 |    95 |     8 |       |       |       ||   172
       Headbutt          |     7 |    11 |    36 |    96 |   243 |    15 ||   408
       Morningstar       |       |       |   252 |   471 |   271 |       ||   994
       Punch             |       |       |     5 |     5 |       |       ||    10
       Broad axe         |       |       |       |       |   806 |    50 ||   856
Invok: Berserk           |       |     3 |     2 |    10 |    13 |     2 ||    30
       Trog's Hand       |       |       |     2 |     1 |    12 |     1 ||    16
       Brothers in Arms  |       |       |       |       |     1 |     1 ||     2
  Use: Scroll            |       |       |    16 |     9 |    11 |       ||    36
       Potion            |       |       |       |       |     8 |       ||     8
 Stab: Sleeping          |       |     1 |       |       |       |       ||     1
       Distracted        |       |       |       |       |     1 |       ||     1
Armor: Animal skin       |    22 |     3 |       |       |       |       ||    25
       Plate armour      |       |    65 |   292 |   500 |   451 |    43 ||  1351
       Ring mail         |       |     1 |       |       |       |       ||     1
       Scale mail        |       |       |       |       |   227 |       ||   227
Dodge: Dodged            |    61 |    42 |   163 |   454 |   472 |    24 ||  1216
Block: Tower shield      |       |       |       |       |   961 |    72 ||  1033

Table legend: (Time is in decaauts)
 A = Elapsed time spent in this place.
 B = Non-inter-level travel time spent in this place.
 C = Inter-level travel time spent in this place.
 D = Time resting spent in this place.
 E = Time spent auto-exploring this place.
 F = Levels seen in this place.
 G = Mean time per level.
                   A        B        C        D        E       F      G
               +--------+--------+--------+--------+--------+-----+--------+
         Total |  37064 |  35185 |   1879 |  11239 |  17976 |  25 | 1482.6 |
       Dungeon |  19226 |  17899 |   1327 |   2865 |  12062 |  15 | 1281.7 |
          Lair |  10116 |   9740 |    376 |   4127 |   3972 |   5 | 2023.2 |
   Spider Nest |   2640 |   2603 |     37 |   1408 |    785 |   2 | 1320.0 |
  Orcish Mines |   4556 |   4418 |    138 |   2837 |    852 |   2 | 2278.0 |
         Sewer |    524 |    524 |      0 |      0 |    304 |   1 |  524.0 |
               +--------+--------+--------+--------+--------+-----+--------+

Top non-repeatable levels by time:
  Lair:2: 2598 daAuts
Spider:1: 2574 daAuts
    D:14: 2552 daAuts
  Lair:4: 2473 daAuts
   Orc:1: 2287 daAuts
   Orc:2: 2269 daAuts
  Lair:5: 2070 daAuts
    D:10: 2035 daAuts
    D:12: 1606 daAuts
  Lair:3: 1601 daAuts
     D:9: 1548 daAuts
  Lair:1: 1372 daAuts
    D:13: 1369 daAuts
     D:2: 1294 daAuts
    D:11: 1257 daAuts
